 Dungeon Crawl Stone Soup version 0.28.0-45-g0d030f2227 (webtiles) character file.

Game seed: 3455667168921524350

185 protoss039 the Skirmisher (level 5, -14/34 HPs)
             Began as a Gargoyle Fighter on Apr 11, 2022.
             Demolished by an ogre
             ... wielding a +0 giant spiked club
              (22 damage)
             ... on level 4 of the Dungeon.
             The game lasted 00:05:48 (2817 turns).

protoss039 the Skirmisher (Gargoyle Fighter)        Turns: 2817, Time: 00:05:49

Health: -14/34     AC: 22    Str: 22    XL:     5   Next: 64%
Magic:  5/5        EV:  6    Int:  8    God:
Gold:   196        SH:  4    Dex:  9    Spells: 4/4 levels left

rFire   . . .      SeeInvis .   a - +0 flail
rCold   . . .      Faith    .   c - +0 buckler
rNeg    + . .      Spirit   .   x - +0 plate armour
rPois   ∞          Reflect  .   (no helmet)
rElec   +          Harm     .   t - +0 cloak
rCorr   .          Rampage  .   (no gloves)
Will    .....                   p - +0 pair of boots
Stlth   ..........              (no amulet)
HPRegen 0.11/turn               r - +4 ring of protection
MPRegen 0.09/turn               (no ring)

@: no status effects
A: sickness immunity, AC +4, negative energy resistance 1, electricity
resistance, torment resistance 1, petrification resistance
a: no special abilities


You were on level 4 of the Dungeon.
You visited 1 branch of the dungeon, and saw 4 of its levels.

You collected 196 gold pieces.

Inventory:

Hand Weapons
 a - a +0 flail (weapon)
 q - a +1 dagger of draining
Armour
 c - a +0 buckler (worn)
 p - a +0 pair of boots (worn)
 t - a +0 cloak (worn)
 w - a +3 leather armour of fire resistance
 x - a +0 plate armour (worn)
Jewellery
 n - a ring of ice
 r - a +4 ring of protection (left hand)
Wands
 v - a wand of paralysis (3)
Scrolls
 b - a scroll of silence {unknown}
 f - a scroll of immolation {unknown}
 g - a scroll of noise {unknown}
 h - a scroll of magic mapping {unknown}
 l - a scroll of teleportation {unknown}
 m - a scroll of identify
 o - a scroll of amnesia {unknown}
 u - a scroll of fear {unknown}
Potions
 d - a potion of might
 e - a potion of curing
 j - a potion of magic {unknown}
 k - a potion of flight {unknown}
 s - a potion of invisibility


   Skills:
 + Level 4.4 Fighting
 + Level 3.3 Maces & Flails
 + Level 4.3 Armour
 + Level 4.4 Shields


You had 4 spell levels left.
You didn't know any spells.
Your spell library contained the following spells:

 Spells                   Type           Power      Damage    Failure   Level
 Sandblast                Erth           0%         2d4       100%        1
 Passwall                 Tmut/Erth      0%         N/A       100%        2
 Conjure Flame            Conj/Fire      0%         6-21      100%        3
 Ignite Poison            Fire/Tmut/Pois 0%         N/A       100%        3
 Stone Arrow              Conj/Erth      0%         3d7       100%        3
 Sticky Flame             Conj/Fire      0%         2d3       100%        4


Dungeon Overview and Level Annotations

Branches:
Dungeon (4/15)
 Temple: D:4-7

Altars:


Innate Abilities, Weirdness & Mutations

You are immune to sickness and miasma.
Your stone body is resilient. (AC +4)
You are immune to poison.
You resist negative energy. (rN+)
You are resistant to electric shocks. (rElec)
You are resistant to unholy torment.
You are immune to petrification.


Message History

There are monsters nearby!
You hit the hobgoblin.
The hobgoblin is heavily wounded.
The hobgoblin hits you but does no damage.
You hit the hobgoblin but do no damage.
The hobgoblin is heavily wounded.
The hobgoblin barely misses you.
A goblin comes into view. It is wielding a +0 club.
An ogre comes into view. It is wielding a +0 giant spiked club.
You sock the hobgoblin!
You kill the hobgoblin!
Unknown command.
An orc comes into view. It is wielding a +0 short sword.
The orc shouts!
The goblin hits you but does no damage. The goblin hits you with a +0 club.
There is an open door here.
You see here a hobgoblin corpse.
Unknown command.
Unknown command.
You barely miss the ogre.
The ogre hits you with a +0 giant spiked club!!
Ouch! That really hurt!
You barely miss the ogre.
The ogre hits you with a +0 giant spiked club.
* * * LOW HITPOINT WARNING * * *
Unknown command.
Aiming: Paralyse
Press: ? - help, Shift-Dir - straight line, f/p - ogre
Aim: an ogre, wielding a +0 giant spiked club (chance to affect: 49%)
The ogre resists with some effort.
You block the ogre's attack.
Unknown command.
Unknown command.
Unknown command.
Aiming: Paralyse
Press: ? - help, Shift-Dir - straight line, f/p - ogre
Aim: an ogre, wielding a +0 giant spiked club (chance to affect: 49%)
The ogre resists with some effort.
The ogre hits you with a +0 giant spiked club!!
Ouch! That really hurt!
You die...

#....##...##...# ... #
#.....##.##.....##.###########
+......#.#.......#.#..........
#......'.#..o:...†.#..........
#......#.#.......#.#..........
#.....##.##.....##o##.........
####....##..)##...##...##........
...#....#.....#####.....#........
...'....#.......@Ogg)...###'#####
...######.....#####.....#.......#
........##...## ##...##.......#
.........##### #######..<.....
.......... #..............
.......... #..............
'##....... #..............
..#....... #..............
..#....... ###############


You could see an ogre and 2 goblins.

Vanquished Creatures
  A jelly (D:4)
  Jessica (D:3)
  Ijyb (D:4)
  A howler monkey skeleton (D:3)
  An adder (D:3)
  2 worms
  2 dart slugs
  An orc (D:4)
  6 ball pythons
  6 endoplasms
  6 giant cockroaches
  6 hobgoblins
  7 kobolds
  A quokka (D:1)
  8 bats
  3 frilled lizards
  17 goblins
  3 rats
73 creatures vanquished.

Notes
Turn   | Place    | Note
-------+----------+-------------------------------------------
     0 | D:1      | protoss039 the Gargoyle Fighter began the quest for the
                  | Orb.
     0 | D:1      | Reached XP level 1. HP: 14/14 MP: 1/1
    78 | D:1      | Reached XP level 2. HP: 18/19 MP: 2/2
   340 | D:1      | Reached XP level 3. HP: 17/24 MP: 3/3
  1711 | D:3      | Reached XP level 4. HP: 29/29 MP: 4/4
  2069 | D:3      | Noticed Jessica
  2071 | D:3      | Killed Jessica
  2072 | D:3      | Reached XP level 5. HP: 33/33 MP: 5/5
  2613 | D:4      | Noticed Ijyb
  2628 | D:4      | Paralysed by Ijyb for 7 turns
  2641 | D:4      | Killed Ijyb
  2804 | D:4      | Noticed an ogre
  2817 | D:4      | Demolished by an ogre

Illustrated notes

Levels and vault maps discovered:
D:1:      minmay_arrival_shattered_statue, layout_rooms
D:2:      layout_loops_ring, chequers_garden
D:3:      kennysheep_the_goblin_king, layout_basic, uniq_jessica
D:4:      minmay_octagon_keep, layout_gridville, temple_statues, uniq_ijyb

Skill      XL: |  1  2  3  4 |
---------------+-------------+-----
Fighting       | 4 |  4.4
Shields        | 4 |  4.4
Armour         | 4 |  4.3
Maces & Flails | 3 |  3.3

Action                   |  1- 3 |  4- 6 || total
-------------------------+-------+-------++-------
Melee: Flail             |   158 |    97 ||   255
Evoke: Wand              |       |     2 ||     2
  Use: Scroll            |       |     3 ||     3
       Potion            |       |     1 ||     1
Armor: Scale mail        |    63 |       ||    63
       Chain mail        |    69 |    54 ||   123
       Plate armour      |       |     7 ||     7
       Leather armour    |       |     2 ||     2
Dodge: Dodged            |    60 |    21 ||    81
Block: Buckler           |    37 |    14 ||    51
